 Dungeon Sprint DCSS version 0.28.0-43-g3370ac3207 (webtiles) character file.

Game seed: 371365452653992474

6345 boopmooplesden the Basher (level 10, -15/103 HPs)
             Began as a Minotaur Berserker on Mar 13, 2022.
             Was the Champion of Trog.
             Demolished by a spriggan berserker
             ... wielding a +0 quarterstaff
              (18 damage)
             ... in the Dungeon (Sprint IV: "Fedhas' Mad Dash").
             The game lasted 00:05:29 (2923 turns).

boopmooplesden the Basher (Minotaur Berserker)      Turns: 2923, Time: 00:05:31

Health: -15/103    AC:  7    Str: 25    XL:     10   Next: 64%
Magic:  8/9        EV: 13    Int:  4    God:    Trog [******]
Gold:   102        SH:  0    Dex: 11    Spells: 9/9 levels left

rFire   . . .      SeeInvis .   l - +2 eveningstar (holy)
rCold   . . .      Faith    .   (no shield)
rNeg    . . .      Spirit   .   i - +0 ring mail
rPois   .          Reflect  .   (helmet restricted)
rElec   .          Harm     .   (no cloak)
rCorr   .          Rampage  .   (no gloves)
Will    .....      NoTele   +   (no boots)
Stlth   +++.......              k - amulet of invisibility {+Inv}
HPRegen 0.27/turn               (no ring)
MPRegen 0.11/turn               (no ring)

@: on berserk cooldown, very slightly contaminated, slowed, invisible, very slow
A: horns 2, retaliatory headbutt
a: Renounce Religion, Evoke Invisibility, Berserk, Trog's Hand, Brothers in Arms


You were in the Dungeon.
You worshipped Trog.
Trog was exalted by your worship.
You visited 1 branch You collected 207 gold pieces.
You spent 105 gold pieces at shops.

Inventory:

Hand Weapons
 a - a +0 hand axe
 l - a +2 eveningstar of holy wrath (weapon)
 r - a +3 great mace
Missiles
 j - 6 atropa-tipped darts (quivered)
Armour
 b - a +0 animal skin
 i - a +0 ring mail (worn)
Jewellery
 k - the amulet of invisibility (around neck) {+Inv}
   (You found it in the Dungeon)

   [amulet of nothing]

   +Inv:      It lets you turn invisible.
Wands
 m - a wand of digging (8)
 n - a wand of polymorph (14)
Scrolls
 h - a scroll of blinking
 o - a scroll of identify
Potions
 c - a potion of curing
 d - 2 potions of heal wounds
 e - a potion of haste
 f - 2 potions of magic
 g - a potion of berserk rage


   Skills:
 + Level 14.1 Fighting
 + Level 12.9(15.8) Axes
 + Level 14.9(16.8) Maces & Flails
 + Level 0.9 Throwing
 + Level 11.1 Armour
 + Level 7.6 Dodging
 + Level 7.0 Stealth
 + Level 8.8 Evocations


You had 9 spell levels left.
You didn't know any spells.
Your spell library was empty.

Dungeon Overview and Level Annotations

Branches:
Dungeon (1/1)

Altars:
Cheibriados
Dithmenos
Elyvilon
Gozag
Hepliaklqana
Kikubaaqudgha
Makhleb
Nemelex Xobeh
Okawaru
Qazlal
Ru
Sif Muna
Trog
Uskayaw
Vehumet
Wu Jian
Xom
Yredelemnul
Zin
The Shining One
Beogh
Jiyva
Lugonu

Shops:
D (!*=*!*


Innate Abilities, Weirdness & Mutations

You have a pair of horns on your head.
You reflexively headbutt those who attack you in melee.


Message History

You barely miss Agnes. You headbutt Agnes!
Agnes is heavily wounded.
Agnes hits you with a +0 lajatang!!
You closely miss Agnes.
Agnes is heavily wounded.
Agnes completely misses you.
You miss Agnes. Your headbutt misses Agnes.
Agnes is heavily wounded.
Agnes misses you.
You skewer Agnes like a kebab!!!
You kill Agnes!
Trog accepts your kill.
You hear a shout!
Your Fighting skill increases to level 14!
Your Stealth skill increases to level 7!
A spriggan berserker comes into view. It is wielding a +0 quarterstaff.
The spriggan berserker shouts!
There is an open door, spattered with blood here.
Things that are here:
a +0 lajatang; a +0 robe
Found Fucyum's Assorted Antiques.
You feel a strong urge to attack something.
The spriggan berserker invokes Trog's protection!
You are no longer berserk.
You are exhausted.
You feel yourself slow down.
The spriggan berserker prays to Trog.
The death yak goes berserk!
You impale the spriggan berserker!!
The spriggan berserker is heavily wounded.
The death yak closely misses you. You furiously retaliate!
You headbutt the death yak.
The spriggan berserker hits you with a +0 quarterstaff!!
You closely miss the spriggan berserker.
Your headbutt misses the spriggan berserker.
The spriggan berserker is heavily wounded.
The death yak gores you!!
* * * LOW HITPOINT WARNING * * *
The spriggan berserker hits you with a +0 quarterstaff!!
You die...

.#..._._._._...#..###'##...##∩#..
##.._._._._._..#..##∩∩.'...#####.
.#._._._._._.⌠.#################.
.###################.....)###))..
##♣♣♣♣♣..♣.###.'..'.....(.'.).).♣
'......♣..♣##:.#..#.P.....#######
#♣..♣♣♣.♣).###.##)##.P....#
#.♣♣..♣...♣'...#♣.♣######## ##
#############@Y...# #.i♣..♣....#
#...♣......♣.. ...... ♣.....∩.
##### #########


You could see a death yak (summoned, berserk) and a spriggan berserker
(regenerating, strong-willed).

Vanquished Creatures
  Agnes (D)
  A spriggan druid (D)
  6 oklob plants (D)
  A demonic crawler (D)
  A queen bee (D)
  3 burning bushes (D)
  3 scorpions (D)
  4 killer bees (D)
  5 oklob saplings (D)
  4 spriggans (D)
  3 wandering mushrooms (D)
  A river rat (D)
  A rat (D)
  A ballistomycete spore (D)
35 creatures vanquished.

Vanquished Creatures (collateral kills)
  A spriggan (D)
  A hornet (D)
2 creatures vanquished.

Grand Total: 37 creatures vanquished

Notes
Turn   | Place    | Note
-------+----------+-------------------------------------------
     0 | D        | boopmooplesden the Minotaur Berserker began the quest for
                  | the Orb.
     0 | D        | Reached XP level 1. HP: 19/19 MP: 0/0
     8 | D        | Reached skill level 5 in Fighting
     8 | D        | Reached XP level 2. HP: 29/29 MP: 1/1
    61 | D        | Noticed a scorpion
    62 | D        | Noticed an oklob sapling
    64 | D        | Killed an oklob sapling
    64 | D        | Reached ** piety under Trog
    65 | D        | Reached skill level 5 in Axes
    65 | D        | Reached XP level 3. HP: 37/37 MP: 2/2
    69 | D        | Killed a scorpion
    70 | D        | Reached XP level 4. HP: 39/47 MP: 3/3
    71 | D        | Found the amulet of invisibility {+Inv}
   473 | D        | Found an opulent altar of Gozag.
   473 | D        | Found a hazy altar of Hepliaklqana.
   473 | D        | Found a snail-covered altar of Cheibriados.
   487 | D        | Found a viscous altar of Jiyva.
   487 | D        | Found a burning altar of Makhleb.
   487 | D        | Found a sparkling altar of Nemelex Xobeh.
   487 | D        | Found a sacrificial altar of Ru.
   487 | D        | Found a shimmering blue altar of Sif Muna.
   487 | D        | Found a bloodstained altar of Trog.
   487 | D        | Found an ornate altar of the Wu Jian Council.
   487 | D        | Found a shimmering altar of Xom.
   487 | D        | Found a basalt altar of Yredelemnul.
   488 | D        | Found an iron altar of Okawaru.
   488 | D        | Found a shadowy altar of Dithmenos.
   488 | D        | Found a glowing silver altar of Zin.
   489 | D        | Found an ancient bone altar of Kikubaaqudgha.
   489 | D        | Found a hide-covered altar of Uskayaw.
   490 | D        | Found a stormy altar of Qazlal.
   490 | D        | Found a white marble altar of Elyvilon.
   490 | D        | Found a glowing golden altar of the Shining One.
   491 | D        | Found a corrupted altar of Lugonu.
   491 | D        | Found a radiant altar of Vehumet.
   498 | D        | Reached skill level 5 in Armour
   498 | D        | Reached skill level 1 in Stealth
   498 | D        | Reached skill level 1 in Evocations
   498 | D        | Reached XP level 5. HP: 49/56 MP: 1/4
   623 | D        | Reached *** piety under Trog
   644 | D        | Reached skill level 5 in Dodging
   644 | D        | Reached XP level 6. HP: 64/64 MP: 5/5
   657 | D        | Found Vuen's Distillery.
   657 | D        | Found Xeit's Weapon Emporium.
   666 | D        | Noticed a burning bush
   666 | D        | Noticed a wandering mushroom
   668 | D        | Noticed a wandering mushroom
   672 | D        | Reached **** piety under Trog
   673 | D        | Reached skill level 10 in Fighting
   673 | D        | Reached skill level 10 in Axes
  1064 | D        | Killed a wandering mushroom
  1077 | D        | Killed a burning bush
  1078 | D        | Reached XP level 7. HP: 35/73 MP: 6/6
  1084 | D        | Found Ukusiave's General Store.
  1084 | D        | Found Orraj's Jewellery Shoppe.
  1245 | D        | Bought a scroll of enchant weapon for 105 gold pieces
  1284 | D        | Noticed a queen bee
  1296 | D        | Reached skill level 1 in Maces & Flails
  1296 | D        | Reached ***** piety under Trog
  1299 | D        | Killed a queen bee
  1300 | D        | Reached XP level 8. HP: 38/82 MP: 5/7
  1502 | D        | Noticed an oklob plant
  1511 | D        | Killed an oklob plant
  1512 | D        | Reached skill level 5 in Maces & Flails
  1512 | D        | Reached skill level 5 in Evocations
  1560 | D        | Noticed a burning bush
  1572 | D        | Killed a burning bush
  1753 | D        | Noticed a burning bush
  1753 | D        | Noticed an oklob plant
  1754 | D        | Noticed a wandering mushroom
  1758 | D        | Killed a burning bush
  1759 | D        | Reached skill level 10 in Armour
  1759 | D        | Reached skill level 5 in Stealth
  1768 | D        | Killed an oklob plant
  1769 | D        | Reached XP level 9. HP: 37/90 MP: 6/8
  2067 | D        | Received a gift from Trog
  2216 | D        | Noticed a spriggan druid
  2222 | D        | Killed a spriggan druid
  2223 | D        | Reached skill level 10 in Maces & Flails
  2257 | D        | Noticed an oklob plant conjurer
  2261 | D        | Killed an oklob plant conjurer
  2522 | D        | Noticed an oklob plant
  2523 | D        | Noticed an oklob plant shifter
  2523 | D        | Noticed an oklob plant summoner
  2530 | D        | Killed an oklob plant
  2530 | D        | Received a gift from Trog
  2533 | D        | Killed an oklob plant summoner
  2538 | D        | Killed an oklob plant shifter
  2539 | D        | Reached XP level 10. HP: 101/101 MP: 7/9
  2671 | D        | Noticed a spriggan rider
  2675 | D        | Found Alenurgh's Distillery.
  2676 | D        | Found Ticazeas's Assorted Antiques.
  2678 | D        | Received a gift from Trog
  2685 | D        | Killed a spriggan rider
  2685 | D        | Reached ****** piety under Trog
  2907 | D        | Noticed Agnes
  2918 | D        | Killed Agnes
  2919 | D        | Noticed a spriggan berserker
  2920 | D        | Found Fucyum's Assorted Antiques.
  2922 | D        | Noticed a death yak
  2923 | D        | HP: 3/103 [death yak[a spriggan berserker] (33)]
  2923 | D        | Demolished by a spriggan berserker

Illustrated notes

Levels and vault maps discovered:
D:        dungeon_sprint_fedhas [sprint_temple]

Skill      XL: |  1  2  3  4  5  6  7  8  9 10 |
---------------+-------------------------------+-----
Fighting       | 5 6 7 8 9 10 11 12 13 14 | 14.1
Axes           | 4 5 7 8 9 11 12 | 12.9
Armour         | 3 4 5 6 8 9 10 11 | 11.1
Dodging        | 3 4 5 6 7 |  7.6
Stealth        | 1 3 4 5 7 |  7.0
Evocations     | 1 2 3 4 6 7 8 |  8.8
Maces & Flails | 2 8 12 14 | 14.9
Throwing       | |  0.9

Action                   |  1- 3 |  4- 6 |  7- 9 | 10-12 || total
-------------------------+-------+-------+-------+-------++-------
Melee: Hand axe          |     8 |    49 |       |       ||    57
       Headbutt          |     2 |    13 |    16 |     3 ||    34
       Punch             |       |     2 |       |     1 ||     3
       Eveningstar       |       |       |    55 |    23 ||    78
Throw: Dart              |       |       |     1 |       ||     1
Invok: Berserk           |     2 |     4 |     5 |     2 ||    13
 Abil: Evoke Invisibilit |       |     3 |     7 |     1 ||    11
  Use: Scroll            |       |       |     2 |     2 ||     4
 Stab: Invisible         |       |     2 |     5 |       ||     7
       Sleeping          |       |       |     1 |       ||     1
       Distracted        |       |       |       |     1 ||     1
Armor: Animal skin       |     1 |       |       |       ||     1
       Ring mail         |       |     6 |     2 |     2 ||    10
Dodge: Dodged            |     2 |    12 |    18 |    13 ||    45
